 Dungeon Crawl Stone Soup version 0.28.0 (webtiles) character file.

Game seed: 8781907761601457824

28 psuckher the Covert (level 3, -1/35 HPs)
             Began as a Gnoll Delver on Feb 16, 2022.
             Slain by a scorpion zombie (3 damage)
             ... on level 5 of the Dungeon.
             The game lasted 00:00:22 (43 turns).

psuckher the Covert (Gnoll Delver)                    Turns: 43, Time: 00:00:23

Health: -1/35      AC:  3    Str: 13    XL:     3   Next: 14%
Magic:  3/3        EV: 13    Int:  9    God:
Gold:   0          SH:  0    Dex: 13    Spells: 3/3 levels left

rFire   . . .      SeeInvis .   a - +0 short sword
rCold   . . .      Faith    .   (no shield)
rNeg    . . .      Spirit   .   b - +0 leather armour
rPois   .          Reflect  .   (no helmet)
rElec   .          Harm     .   (no cloak)
rCorr   .          Rampage  .   (no gloves)
Will    .....                   (no boots)
Stlth   ++++......              (no amulet)
HPRegen 0.11/turn               (no ring)
MPRegen 0.08/turn               (no ring)

@: no status effects
A: fangs 1, strong nose, distributed training
a: no special abilities


You were on level 5 of the Dungeon.
You visited 1 branch of the dungeon, and saw 1 of its levels.

Inventory:

Hand Weapons
 a - a +0 short sword (weapon)
Armour
 b - a +0 leather armour (worn)
Wands
 g - a wand of digging (3)
Scrolls
 c - a scroll of fog
 d - a scroll of magic mapping
 e - a scroll of fear
Potions
 f - a potion of haste
 h - a potion of curing {unknown}


   Skills:
 + Level 6.5 Fighting
 + Level 4.5 Short Blades
 + Level 0.6 Long Blades
 + Level 0.6 Axes
 + Level 0.6 Maces & Flails
 + Level 0.6 Polearms
 + Level 0.6 Staves
 + Level 0.6 Slings
 + Level 0.6 Bows
 + Level 0.6 Crossbows
 + Level 0.6 Throwing
 + Level 0.6 Armour
 + Level 4.5 Dodging
 + Level 9.5 Stealth
 + Level 0.6 Shields
 + Level 0.6 Unarmed Combat
 + Level 0.6 Spellcasting
 + Level 0.4 Conjurations
 + Level 0.4 Hexes
 + Level 0.4 Summonings
 + Level 0.4 Necromancy
 + Level 0.4 Translocations
 + Level 0.4 Transmutations
 + Level 0.4 Fire Magic
 + Level 0.4 Ice Magic
 + Level 0.4 Air Magic
 + Level 0.4 Earth Magic
 + Level 0.4 Poison Magic
 + Level 0.8 Invocations
 + Level 0.6 Evocations


You had 3 spell levels left.
You didn't know any spells.
Your spell library was empty.

Dungeon Overview and Level Annotations

Branches:
Dungeon (5/15)
 Temple: D:4-7

Altars:


Innate Abilities, Weirdness & Mutations

You have very sharp teeth.
Your uncanny sense of smell can sniff out nearby items.
Your experience applies equally to all skills.


Message History

The scorpion zombie barely misses you. The centaur zombie barely misses you.
The centaur zombie kicks you but does no damage.
You hit the centaur zombie.
You destroy the centaur zombie!
The scorpion zombie hits you.
You have reached level 2!
You have reached level 3!
Your experience leads to an increase in your attributes!
Increase (S)trength, (I)ntelligence, or (D)exterity?
You feel stronger. x2
Found 12 gold pieces.
You hit the scorpion zombie.
The scorpion zombie is lightly damaged.
The scorpion zombie hits you.
* * * LOW HITPOINT WARNING * * *
You hit the scorpion zombie.
The scorpion zombie is lightly damaged.
You hit the scorpion zombie but do no damage.
The scorpion zombie is lightly damaged.
The scorpion zombie barely misses you.
You hit the scorpion zombie.
The scorpion zombie is lightly damaged.
The scorpion zombie closely misses you.
You hit the scorpion zombie.
The scorpion zombie is lightly damaged.
The scorpion zombie hits you.
* * * LOW HITPOINT WARNING * * *
You barely miss the scorpion zombie.
You bite the scorpion zombie, but do no damage.
The scorpion zombie is lightly damaged.
The scorpion zombie hits you.
* * * LOW HITPOINT WARNING * * *
You hit the scorpion zombie.
The scorpion zombie is moderately damaged.
The scorpion zombie hits you.
* * * LOW HITPOINT WARNING * * *
You hit the scorpion zombie but do no damage.
The scorpion zombie is moderately damaged.
The scorpion zombie hits you.
You die...

.########
...$....#######
#@....... #Z#######
####### ##.## #.....#
#####...########.....#
........°..>..........#
##....°..°....###.....#
#.####°####..# #.....#
.. #§# #..#####.### #
#§# #....>...#


You could see a scorpion zombie.

Vanquished Creatures
  A centaur zombie (D:5)
1 creature vanquished.

Notes
Turn   | Place    | Note
-------+----------+-------------------------------------------
     0 | D:5      | Reached skill level 9 in Stealth
     0 | D:5      | psuckher the Gnoll Delver began the quest for the Orb.
     0 | D:5      | Reached XP level 1. HP: 23/23 MP: 1/1
    34 | D:5      | Reached XP level 2. HP: 9/29 MP: 2/2
    34 | D:5      | Reached XP level 3. HP: 11/35 MP: 3/3
    43 | D:5      | Slain by a scorpion zombie

Illustrated notes

Levels and vault maps discovered:
D:5:      layout_loops_ring, serial_rivers, chequers_serial_rivers_room_b,
          chequers_serial_rivers_room_a, chequers_serial_rivers_marsh,
          chequers_serial_rivers_micro_e, gammafunk_ghost_nasty_kobolds,
          lemuel_flamethrower_2, uniq_duvessa

Skill      XL: | |
---------------+-+-----
Stealth        | |  9.5
Fighting       | |  6.5
Short Blades   | |  4.5
Long Blades    | |  0.6
Axes           | |  0.6
Maces & Flails | |  0.6
Polearms       | |  0.6
Staves         | |  0.6
Slings         | |  0.6
Bows           | |  0.6
Crossbows      | |  0.6
Throwing       | |  0.6
Armour         | |  0.6
Dodging        | |  4.5
Shields        | |  0.6
Unarmed Combat | |  0.6
Spellcasting   | |  0.6
Conjurations   | |  0.4
Hexes          | |  0.4
Summonings     | |  0.4
Necromancy     | |  0.4
Translocations | |  0.4
Transmutations | |  0.4
Fire Magic     | |  0.4
Ice Magic      | |  0.4
Air Magic      | |  0.4
Earth Magic    | |  0.4
Poison Magic   | |  0.4
Invocations    | |  0.8
Evocations     | |  0.6

Action                   || total
-------------------------++-------
Melee: Short sword       ||    16
       Bite              ||     2
       Punch             ||     1
Armor: Leather armour    ||     5
Dodge: Dodged            ||    18
